 Dungeon Crawl Stone Soup version 0.15.2 (webtiles) character file.

3355 Heini the Basher (level 9, -1/85 HPs)
             Began as a Minotaur Fighter on Feb 13, 2015.
             Was a Believer of Okawaru.
             Succumbed to a killer bee's poison
             ... on Level 8 of the Dungeon.
             The game lasted 00:18:45 (7089 turns).

Heini the Basher (Minotaur Fighter)                 Turns: 7089, Time: 00:18:45

HP  -1/85        AC  3     Str 24      XL: 9   Next: 73%
MP   4/4         EV  9     Int  5      God: Okawaru [**....]
Gold 498         SH 10     Dex 12      Spells:  0 memorised,  8 levels left

rFire  . . .     SeeInvis .     a - +1 flail
rCold  + . .     Clarity  .     (no armour)
rNeg   . . .     rCorr    .     c - +0 shield
rPois  .         rRot     .     (helmet restricted)
rElec  .         Spirit   .     k - +0 cloak
SustAb .         Warding  .     j - +1 pair of gloves
rMut   .         Stasis   .     (no boots)
Gourm  .                        (no amulet)
MR     .....                    u - +2 ring of dexterity
                                p - ring of protection from cold

@: lethally poisoned, not resistant to hostile enchantments, very unstealthy
A: retaliatory headbutt, horns 2
a: Heroism, Renounce Religion


You were on level 8 of the Dungeon.
You worshipped Okawaru.
Okawaru was pleased with you.
You were hungry.

You visited 2 branches of the dungeon, and saw 9 of its levels.
You also visited: Ossuary.

You collected 498 gold pieces.

Inventory:

Hand weapons
 a - a +1 flail (weapon)
Armour
 b - a +0 scale mail
 c - a +0 shield (worn)
 j - a +1 pair of gloves (worn)
 k - a +0 cloak (worn)
 I - a +0 plate armour
Magical devices
 n - a wand of digging (17)
 x - a wand of disintegration (3) {unknown}
 A - a wand of teleportation (4) {unknown}
Comestibles
 d - 3 bread rations
 m - 2 fruits
 o - a meat ration
 t - a beef jerky
 E - a rotting chunk of orc flesh
 F - 2 chunks of elf flesh
 G - a chunk of jackal flesh
Scrolls
 f - 4 scrolls of amnesia
 i - 2 scrolls of fear
 l - a scroll of remove curse
 q - a scroll of teleportation
 v - a scroll of enchant armour
 w - 2 scrolls of magic mapping
 y - a scroll of enchant weapon
 z - a scroll of recharging {unknown}
 D - a scroll of summoning {unknown}
 H - a scroll of brand weapon {unknown}
Jewellery
 p - a ring of protection from cold (left hand)
 u - a +2 ring of dexterity (right hand)
Potions
 e - 3 potions of might
 g - a potion of berserk rage
 h - 2 potions of flight
 r - 3 potions of brilliance
 s - a potion of cancellation
 C - a potion of haste


   Skills:
 * Level 9.7 Fighting
 * Level 10.6 Maces & Flails
 * Level 9.9 Armour
 - Level 3.6 Shields


You had 8 spell levels left.
You didn't know any spells.

Dungeon Overview and Level Annotations

Branches:
Dungeon (8/15)             Temple (1/1) D:7
   Lair: D:8-11

Altars:
Ashenzari
Cheibriados
Dithmenos
Elyvilon
Fedhas
Kikubaaqudgha
Nemelex Xobeh
Okawaru
Qazlal
Sif Muna
Trog
Vehumet
Xom
Yredelemnul
Zin
The Shining One

Shops:
D:4 (


Innate Abilities, Weirdness & Mutations

You reflexively headbutt those who attack you in melee.
You have a pair of horns on your head.


Message History

You headbutt the killer bee. You block the killer bee's attack.
The killer bee barely misses you.
Drink which item? (? for menu, Esc to quit)
You feel better. The killer bee stings you.
* * * LOW HITPOINT WARNING * * *
You are poisoned.
The killer bee poisons you! The killer bee stings you.
* * * LOW HITPOINT WARNING * * *
You are lethally poisoned!
The killer bee poisons you! The killer bee stings you!
* * * LOW HITPOINT WARNING * * *
You are more poisoned.
The killer bee poisons you! The killer bee barely misses you.
You furiously retaliate!
You headbutt the killer bee.
The killer bee stings you but does no damage.
The killer bee barely misses you.
Unknown command.
You sock the killer bee! Your headbutt misses the killer bee.
The killer bee is heavily wounded.
You die...

......#...######'###.....#
......#'###............###
......#...#............#
......#...#............#
......'...#............#
......#...+............#
......#...#......).....#..
._....#...#....y.).....'..
......#...#....y@......#..
......#'###.....y......#
..............#'###......
..............#.. ......
..............#P.. .....
...........>..#..P#....
..............#.P.+ ..
..............#.PP#
..............'..P#


You could see 3 killer bees.

Vanquished Creatures
  Grinder (D:3)
  Menkaure (D:5)
  A water moccasin (D:8)
  An orc warrior (D:8)
  A sky beast (D:8)
  An ice beast (D:6)
  A necrophage (D:7)
  4 ogres
  A centaur (D:6)
  A phantom (D:6)
  Duvessa (D:8)
  A big kobold (D:5)
  2 giant frogs
  A scorpion (D:6)
  A jelly (D:6)
  5 killer bees
  3 wights (D:5)
  A goliath beetle (D:8)
  Dowan (D:8)
  3 crimson imps
  6 centaur zombies (Ossuary)
  4 orc priests
  4 hounds (D:5)
  2 quasits (D:7)
  4 orc wizards
  4 iguanas
  4 worker ants
  2 big kobold zombies (Ossuary)
  A hound skeleton (D:4)
  4 mummies (Ossuary)
  9 adders
  5 gnolls
  A giant mite (D:1)
  An adder skeleton (D:5)
  4 giant geckos
  An ooze (D:4)
  21 orcs
  A ball python (D:7)
  15 hobgoblins
  7 jackals
  4 quokkas
  12 bats
  5 giant cockroaches
  6 giant newts
  10 goblins
  2 hobgoblin zombies (Ossuary)
  18 kobolds
  An orc zombie (D:7)
  2 quokka zombies
  18 rats
210 creatures vanquished.

Vanquished Creatures (others)
  A giant spore (D:8)
1 creature vanquished.

Grand Total: 211 creatures vanquished

Notes
Turn   | Place    | Note
--------------------------------------------------------------
     0 | D:1      | Heini, the Minotaur Fighter, began the quest for the Orb.
     0 | D:1      | Reached XP level 1. HP: 19/19 MP: 1/1
    35 | D:1      | Reached skill level 4 in Fighting
    35 | D:1      | Reached XP level 2. HP: 24/27 MP: 1/1
   154 | D:1      | Reached XP level 3. HP: 34/34 MP: 2/2
   718 | D:2      | Found a stormy altar of Qazlal.
   893 | D:2      | Found a sparkling altar of Nemelex Xobeh.
   893 | D:2      | Found a shimmering altar of Xom.
   998 | D:2      | Reached skill level 5 in Fighting
  1106 | D:2      | Reached XP level 4. HP: 35/42 MP: 2/2
  1805 | D:3      | Noticed Grinder
  1809 | D:3      | Found a shattered altar of Ashenzari.
  1813 | D:3      | Paralysed by Grinder for 3 turns
  1824 | D:3      | Killed Grinder
  1824 | D:3      | Reached skill level 5 in Armour
  1824 | D:3      | Reached XP level 5. HP: 29/50 MP: 2/2
  1824 | D:3      | Reached XP level 6. HP: 33/57 MP: 3/3
  2137 | D:4      | Reached skill level 6 in Fighting
  2363 | D:4      | Found Kli Suah's Weapon Shoppe.
  2872 | D:4      | Reached skill level 5 in Maces & Flails
  2872 | D:4      | Reached XP level 7. HP: 59/64 MP: 3/3
  3158 | D:5      | Entered Level 5 of the Dungeon
  3198 | D:5      | Reached skill level 7 in Armour
  3359 | D:5      | Noticed Menkaure
  3371 | D:5      | Killed Menkaure
  3741 | D:5      | Reached XP level 8. HP: 68/73 MP: 3/3
  3816 | D:5      | Found an iron altar of Okawaru.
  3825 | D:5      | Reached skill level 8 in Armour
  3856 | D:5      | Became a worshipper of Warmaster Okawaru
  4770 | D:6      | Reached skill level 9 in Armour
  4975 | D:6      | Acquired Okawaru's first power
  4975 | D:6      | Reached XP level 9. HP: 73/82 MP: 4/4
  5017 | D:6      | Found a bloodstained altar of Trog.
  5092 | D:7      | Found a sand-covered staircase.
  5101 | Ossuary  | Entered an ossuary
  5385 | D:7      | Found an ancient bone altar of Kikubaaqudgha.
  5511 | D:7      | Found a blossoming altar of Fedhas.
  5678 | D:7      | Found a staircase to the Ecumenical Temple.
  5702 | Temple   | Entered the Ecumenical Temple
  6549 | D:8      | Found a snail-covered altar of Cheibriados.
  6597 | D:8      | Reached skill level 10 in Maces & Flails
  6845 | D:8      | Noticed Dowan
  6846 | D:8      | Noticed Duvessa
  6860 | D:8      | Killed Duvessa
  6875 | D:8      | Killed Dowan
  7087 | D:8      | HP: 4/85 [killer bee (8)]
  7088 | D:8      | HP: 1/85 [killer bee (8)]
  7089 | D:8      | Succumbed to a killer bee's poison

Action                   |  1- 3 |  4- 6 |  7- 9 || total
-------------------------+-------+-------+-------++-------
Melee: Flail             |    89 |    75 |   470 ||   634
Evoke: Wand              |       |     1 |       ||     1
  Use: Scroll            |     4 |     2 |    18 ||    24
       Potion            |       |       |     2 ||     2
  Eat: Chunk             |       |     6 |    14 ||    20
